 Dungeon Crawl Stone Soup version 0.30-a0-639-g3916f1956a (webtiles) character file.

Game seed: 10224969034124542111

114 pokeman the Magician (level 4, -1/25 HPs)
             Began as a Deep Elf Hedge Wizard on Jan 16, 2023.
             Slain by an ice beast (11 damage)
             ... on level 3 of the Dungeon.
             The game lasted 00:04:11 (2801 turns).

pokeman the Magician (Deep Elf Hedge Wizard)        Turns: 2801, Time: 00:04:12

Health: -1/25      AC:  4    Str:  7    XL:     4   Next: 66%
Magic:  5/22       EV: 13    Int: 21    God:
Gold:   117        SH:  0    Dex: 14    Spells: 6/14 levels left

rFire   . . .      SeeInvis .    a - +0 dagger
rCold   . . .      Faith    .    (no shield)
rNeg    . . .      Spirit   .    b - +0 robe
rPois   .          Reflect  .    j - +1 hat
rElec   .          Harm     .    (no cloak)
rCorr   .          Rampage  .    e - +0 pair of gloves
Will    .....                    (no boots)
Stlth   ++                       (no amulet)
HPRegen 0.24/turn                q - ring of magical power
MPRegen 0.18/turn                (no ring)

@: very slightly contaminated
A: no striking features
a: no special abilities


You were on level 3 of the Dungeon.
You visited 1 branch of the dungeon, and saw 3 of its levels.

You collected 117 gold pieces.

Inventory:

Hand Weapons
 a - a +0 dagger (weapon)
Armour
 b - a +0 robe (worn)
 e - a +0 pair of gloves (worn)
 j - a +1 hat (worn)
Magical Staves
 n - a staff of poison
 p - a staff of cold
Jewellery
 q - a ring of magical power (left hand)
Wands
 r - a wand of roots (12)
Scrolls
 c - a scroll of identify {unknown}
 f - a scroll of teleportation {unknown}
 h - a scroll of magic mapping {unknown}
Potions
 d - 2 potions of magic
 g - 2 potions of might
 i - a potion of cancellation {unknown}
 k - 2 potions of degeneration {unknown}
 l - a potion of heal wounds {unknown}
 m - a potion of mutation {unknown}
 o - a potion of ambrosia {unknown}
 s - a potion of brilliance {unknown}


   Skills:
 - Level 1.0 Fighting
 - Level 1.0 Armour
 + Level 2.9 Dodging
 + Level 2.9 Stealth
 * Level 5.8 Spellcasting
 + Level 2.3 Conjurations
 - Level 1.1 Summonings
 - Level 1.1 Translocations


You had 6 spell levels left.
You knew the following spells:

 Your Spells              Type           Power      Damage    Failure   Level
a - Magic Dart            Conj           60%        1d6       3%          1
b - Mephitic Cloud        Conj/Pois/Air  9%         N/A       22%         3
c - Call Imp              Summ           10%        N/A       10%         2
d - Blink                 Tloc           20%        N/A       10%         2

Your spell library contained the following spells:

 Spells                   Type           Power      Damage    Failure   Level
 Slow                     Hex            24%        N/A       10%         1
 Cigotuvi's Dreadful Rot  Necr/Pois/Air  12%        N/A       16%         2


Dungeon Overview and Level Annotations

Branches:
Dungeon (3/15)

Altars:
Elyvilon
Nemelex Xobeh

Shops:
D:2 *


Message History

Confirm with . or Enter, or press ? or * to list all spells.
Aiming: Magic Dart (safe; 3% risk of failure)
Press: ? - help, Shift-Dir - straight line, f/p - ice beast
Aim: an ice beast (heavily wounded, ally target, 100% to hit)
The magic dart hits the ice beast but does no damage.
The ice beast is heavily wounded.
The ice beast misses you.
Casting: Magic Dart (safe; 3% risk of failure)
Confirm with . or Enter, or press ? or * to list all spells.
Aiming: Magic Dart (safe; 3% risk of failure)
Press: ? - help, Shift-Dir - straight line, f/p - ice beast
Aim: an ice beast (heavily wounded, ally target, 100% to hit)
The magic dart hits the ice beast but does no damage.
The ice beast is heavily wounded.
The ice beast completely misses you.
Casting: Magic Dart (safe; 3% risk of failure)
Confirm with . or Enter, or press ? or * to list all spells.
Aiming: Magic Dart (safe; 3% risk of failure)
Press: ? - help, Shift-Dir - straight line, f/p - ice beast
Aim: an ice beast (heavily wounded, ally target, 100% to hit)
The magic dart hits the ice beast.
The ice beast is heavily wounded.
The ice beast hits you. The ice beast freezes you!
Casting: Magic Dart (safe; 3% risk of failure)
Confirm with . or Enter, or press ? or * to list all spells.
Aiming: Magic Dart (safe; 3% risk of failure)
Press: ? - help, Shift-Dir - straight line, f/p - ice beast
Aim: an ice beast (heavily wounded, ally target, 100% to hit)
The magic dart hits the ice beast but does no damage.
The ice beast is heavily wounded.
The ice beast misses you.
Your crimson imp closely misses the ice beast.
Casting: Magic Dart (safe; 3% risk of failure)
Confirm with . or Enter, or press ? or * to list all spells.
You miscast Blink.
You are very lightly contaminated with residual magic.
Nothing appears to happen.
Your crimson imp disappears in a puff of smoke!
The ice beast hits you. The ice beast freezes you!
You die...

.....5..#.#............###
..................#......#
..##.####.#....####..###..
#.# #.##+#......##.##. #.#
#......##...#...#. #.#
#.........####.### #.#
#........##..#)#.. ..
#.####Y§......#...'.'._ ...
#.....@.......##.##.##.
...###..............###.#.##
#.....................#...
#............#.......###.#
+........)...#...###.....#
#.......#..#.#... ####..#
########.......#..#+#...#
##.#
..........................
#.#
...........##....[........
#.#


You could see an ice beast.

Vanquished Creatures
  Jessica (D:3)
  A worm (D:2)
  2 dart slugs (D:1)
  An orc (D:3)
  4 bats
  6 endoplasms
  2 giant cockroaches (D:2)
  4 goblins
  4 hobgoblins
  5 kobolds
  5 quokkas
  5 ball pythons
  9 rats
49 creatures vanquished.

Vanquished Creatures (collateral kills)
  Ijyb (D:3)
  A worm (D:2)
2 creatures vanquished.

Grand Total: 51 creatures vanquished

Notes
Turn   | Place    | Note
-------+----------+-------------------------------------------
     0 | D:1      | pokeman the Deep Elf Hedge Wizard began the quest for the
                  | Orb.
     0 | D:1      | Reached XP level 1. HP: 10/10 MP: 7/7
   177 | D:1      | Reached XP level 2. HP: 16/16 MP: 0/9
   743 | D:1      | Found a faded altar of an unknown god.
   842 | D:1      | Reached skill level 5 in Spellcasting
   947 | D:1      | Reached XP level 3. HP: 20/20 MP: 8/11
   951 | D:1      | Learned a level 3 spell: Mephitic Cloud
   954 | D:1      | Learned a level 2 spell: Call Imp
   957 | D:1      | Learned a level 2 spell: Blink
  1829 | D:2      | Reached skill level 1 in Fighting
  1829 | D:2      | Reached skill level 1 in Armour
  2142 | D:2      | Found Cuzemunu's Assorted Antiques.
  2335 | D:2      | Found a white marble altar of Elyvilon.
  2509 | D:3      | Noticed Ijyb
  2529 | D:3      | Killed Ijyb
  2530 | D:3      | Reached XP level 4. HP: 19/25 MP: 5/13
  2690 | D:3      | Found a sparkling altar of Nemelex Xobeh.
  2742 | D:3      | Noticed Jessica
  2745 | D:3      | Killed Jessica
  2775 | D:3      | Noticed an ice beast
  2801 | D:3      | Slain by an ice beast

Illustrated notes

Levels and vault maps discovered:
D:1:      dpeg_arrival_long_road, layout_basic, serial_forest,
          infiniplex_forest_straight_5, infiniplex_forest_clump_tiny,
          infiniplex_forest_diagonal, infiniplex_forest_lined_2,
          infiniplex_forest_zigzag_2, infiniplex_forest_lined_2,
          hellmonk_ecumenical_altar_arch_garden
D:2:      layout_basic, serial_shops, nicolae_lakefront_shop, basic_altar
D:3:      layout_basic, nemelex_dance_club_becter, overflow_temple_1_default,
          uniq_natasha, uniq_ijyb, uniq_sigmund, uniq_jessica

Skill      XL: |  1  2  3 |
---------------+----------+-----
Spellcasting   | 5 |  5.8
Fighting       | 1 |  1.0
Armour         | 1 |  1.0
Conjurations   | 2 |  2.3
Dodging        | |  2.9
Stealth        | |  2.9
Summonings     | |  1.1
Translocations | |  1.1

Action                   |  1- 3 |  4- 6 || total
-------------------------+-------+-------++-------
Melee: Dagger            |    19 |       ||    19
       Punch             |     1 |       ||     1
 Cast: Magic Dart        |   131 |    22 ||   153
       Call Imp          |     5 |     1 ||     6
       Mephitic Cloud    |     2 |       ||     2
 Stab: Sleeping          |     1 |       ||     1
Armor: Robe              |     4 |     2 ||     6
Dodge: Dodged            |    19 |     6 ||    25

Table legend: (Time is in decaauts)
 A = Elapsed time spent in this place.
 B = Non-inter-level travel time spent in this place.
 C = Inter-level travel time spent in this place.
 D = Time resting spent in this place.
 E = Time spent auto-exploring this place.
 F = Levels seen in this place.
 G = Mean time per level.
                   A        B        C        D        E       F      G
               +--------+--------+--------+--------+--------+-----+--------+
         Total |   2799 |   2766 |     33 |    236 |   2119 |   3 |  933.0 |
       Dungeon |   2799 |   2766 |     33 |    236 |   2119 |   3 |  933.0 |
               +--------+--------+--------+--------+--------+-----+--------+

Top non-repeatable levels by time:
     D:2: 1287 daAuts
     D:1: 1218 daAuts
     D:3: 294 daAuts
